 Dungeon Crawl Stone Soup version 0.30.0-29-ga12c61a403 (webtiles) character file.

Game seed: 18022208777243153900

23 Revguard the Trooper (level 2, -2/27 HPs)
             Began as a Hill Orc Fighter on June 18, 2023.
             Succumbed to a kobold's poison
             ... on level 1 of the Dungeon.
             The game lasted 00:02:49 (591 turns).

Revguard the Trooper (Hill Orc Fighter)              Turns: 591, Time: 00:02:49

Health: -2/27      AC: 10    Str: 18    XL:     2   Next: 95%
Magic:  2/2        EV:  7    Int:  8    God:
Gold:   83         SH:  4    Dex: 10    Spells: 1/1 levels left

rFire   . . .        a - +0 war axe
rCold   . . .        c - +0 buckler
rNeg    . . .        g - +0 chain mail
rPois   .            e - +1 hat
rElec   .            (no cloak)
rCorr   .            (no gloves)
SInv    .            (no boots)
Will    .....        (no amulet) Stlth
                     (no ring)
HPRegen 0.24/turn    (no ring)
MPRegen 0.08/turn

%: no passive effects
@: lethally poisoned (-2 -> -13)
A: no striking features
a: no special abilities


You were on level 1 of the Dungeon.
You visited 1 branch of the dungeon, and saw 1 of its levels.

You collected 83 gold pieces.

Inventory:

Hand Weapons
 a - a +0 war axe (weapon)
Armour
 b - a +0 scale mail
 c - a +0 buckler (worn)
 e - a +1 hat (worn)
 g - a +0 chain mail (worn)
Scrolls
 f - a scroll of poison {unknown}
 h - a scroll of enchant armour {unknown}
Potions
 d - a potion of might


   Skills:
 + Level 3.8 Fighting
 + Level 3.1 Axes
 + Level 3.4 Armour
 + Level 0.6 Dodging
 + Level 3.4 Shields
 + Level 0.7 Invocations
 + Level 0.5 Evocations


You had one spell level left.
You didn't know any spells.
Your spell library was empty.

Dungeon Overview and Level Annotations

Branches:
Dungeon (1/15)

Altars:


Message History

The jackal is severely wounded.
You block the jackal's attack.
You slash the jackal!
You kill the jackal!
A kobold comes into view. It is wielding a +2 dagger of venom.
The kobold shouts!
The kobold throws a stone.
The stone hits you.
A rat comes into view.
The kobold throws a stone.
The stone hits you but does no damage. The kobold hits you but does no damage.
You are poisoned.
You barely miss the kobold.
You feel sick. The kobold hits you but does no damage.
You completely miss the kobold.
You feel sick. You block the kobold's attack. The kobold barely misses you.
You closely miss the kobold.
You feel sick. You block the kobold's attack.
You miss the kobold.
You feel sick.
You are no longer poisoned.
The kobold hits you but does no damage.
You are poisoned.
The kobold hits you but does no damage.
You are more poisoned.
You miss the kobold.
You feel very sick.
The kobold hits you with a +2 dagger of venom.
You are lethally poisoned!
You barely miss the kobold.
* * * LOW HITPOINT WARNING * * *
You feel very sick. The kobold closely misses you.
You closely miss the kobold.
* * * LOW HITPOINT WARNING * * *
You feel very sick.
The kobold hits you with a +2 dagger of venom.
* * * LOW HITPOINT WARNING * * *
The kobold closely misses you.
Okay, then.
You slash the kobold!
You kill the kobold!
You die...

#.#
#........#
#.#
#>########
#.# ### ##
#.# ..
#.######.#
#.....$..#.#
####.......#
#.#######
#@# #)# #r#
#.# #.. #..
#.. #..#


You could see a rat.

Vanquished Creatures
  A dart slug (D:1)
  5 bats (D:1)
  An endoplasm (D:1)
  2 giant cockroaches (D:1)
  2 goblins (D:1)
  2 jackals (D:1)
  2 quokkas (D:1)
  A ball python (D:1)
  A kobold (D:1)
  2 rats (D:1)
19 creatures vanquished.

Notes
Turn   | Place    | Note
-------+----------+-------------------------------------------
     0 | D:1      | Revguard the Hill Orc Fighter began the quest for the Orb.
     0 | D:1      | Reached XP level 1. HP: 19/19 MP: 1/1
     2 | D:1      | Noticed a minotaur
     2 | D:1      | Noticed a ghoul
     4 | D:1      | Noticed a demonspawn
     4 | D:1      | Noticed a demigod
     6 | D:1      | Noticed a vine stalker
     6 | D:1      | Noticed an armataur
     8 | D:1      | Noticed a meteoran
     8 | D:1      | Noticed a vampire
    10 | D:1      | Noticed an elf
    17 | D:1      | Noticed a felid
    19 | D:1      | Noticed a naga
    21 | D:1      | Noticed a human
    21 | D:1      | Noticed an octopode
    23 | D:1      | Noticed a formicid
    23 | D:1      | Noticed a draconian
    27 | D:1      | Noticed a spriggan
    27 | D:1      | Noticed a gargoyle
    29 | D:1      | Noticed a troll
    29 | D:1      | Noticed an ogre
    31 | D:1      | Noticed a vampire
    31 | D:1      | Noticed a tengu
    33 | D:1      | Noticed a demonspawn
    33 | D:1      | Noticed a formicid
   207 | D:1      | Reached XP level 2. HP: 27/27 MP: 2/2
   591 | D:1      | Succumbed to a kobold's poison

Illustrated notes

Levels and vault maps discovered:
D:1:      kb_arrival_jail, layout_basic

Skill      XL: |  1  2 |
---------------+-------+-----
Axes           | 3 |  3.1
Fighting       | |  3.8
Armour         | |  3.4
Dodging        | |  0.6
Shields        | |  3.4
Invocations    | |  0.7
Evocations     | |  0.5

Action                     || total
---------------------------++-------
  Melee: War axe           ||    59
 Armour: Scale mail        ||    32
         Chain mail        ||    10
  Dodge: Dodged            ||    38
  Block: Buckler           ||    17
